 Dungeon Crawl Stone Soup version 0.31-a0-1338-gb567cfdca4 (webtiles) character file.

Game seed: 12333422209682416912

6846 grandjackal the Fighter (level 11, 0/123 HPs)
             Began as an Oni Warper on Dec 22, 2023.
             Was an Elder of Okawaru.
             Slain by a hornet (12 damage)
             ... on level 9 of the Dungeon.
             The game lasted 00:17:33 (12977 turns).

grandjackal the Fighter (Oni Warper)               Turns: 12977, Time: 00:17:34

Health: 0/123      AC:  4    Str: 17    XL:     11   Next: 6%
Magic:  0/16       EV:  9    Int: 24    God:    Okawaru [****..]
Gold:   937        SH:  0    Dex:  8    Spells: 8/16 levels left

rFire   . . .        z - +4 flail
rCold   + . .        (no shield)
rNeg    . . .        N - +0 robe {rC+}
rPois   .            (helmet restricted)
rElec   .            u - +0 cloak
rCorr   .            (gloves unavailable)
SInv    .            (boots unavailable)
Will    +....        A - amulet of guardian spirit
Stlth   +            f - +6 ring of intelligence
HPRegen 0.40/turn    (no ring)
MPRegen 0.15/turn

%: guardian spirit
@: lethally poisoned (0 -> -19), slowed, very slow
A: drunken brawling, large, unfitting armour, horns 1, tough skin 1, double
potion healing
a: Renounce Religion, Heroism, Finesse


You were on level 9 of the Dungeon.
You worshipped Okawaru.
Okawaru was greatly pleased with you.
You visited 2 branches of the dungeon, and saw 10 of its levels.

You collected 1099 gold pieces.
You spent 162 gold pieces at shops.

Inventory:

Hand Weapons
 n - a +0 giant club
 z - a +4 flail (weapon)
 C - a +0 giant spiked club
Missiles
 d - 7 darts of dispersal
 m - 4 throwing nets
 o - 3 curare-tipped darts
 v - 8 poisoned darts (quivered)
 G - 3 atropa-tipped darts
Armour
 u - a +0 cloak (worn)
 N - a +0 robe of cold resistance (worn)
Jewellery
 f - a +6 ring of intelligence (left hand)
 A - an amulet of guardian spirit (around neck)
Wands
 q - a wand of paralysis (5)
 H - a wand of iceblast (9)
Scrolls
 b - a scroll of identify
 c - 2 scrolls of blinking
 e - 4 scrolls of teleportation
 g - a scroll of torment {unknown}
 h - 2 scrolls of noise {unknown}
 i - 3 scrolls of amnesia
 j - 2 scrolls of revelation {unknown}
 k - 4 scrolls of immolation
 r - 2 scrolls of enchant weapon {unknown}
 s - 2 scrolls of poison {unknown}
 w - 2 scrolls of enchant armour {unknown}
 y - 3 scrolls of fog {unknown}
 E - a scroll of summoning {unknown}
 F - a scroll of brand weapon {unknown}
 K - a scroll of silence {unknown}
 L - a scroll of fear {unknown}
Potions
 a - a potion of curing
 l - 2 potions of enlightenment
 p - 4 potions of brilliance
 t - 2 potions of mutation
 B - a potion of might
 D - a potion of heal wounds
 I - 6 potions of haste
 J - a potion of resistance
 M - a potion of lignification


   Skills:
 + Level 11.9 Fighting
 + Level 9.2 Maces & Flails
 - Level 1.0 Throwing
 - Level 2.1 Dodging
 - Level 3.2 Spellcasting
 + Level 8.6 Translocations
 + Level 6.7 Invocations


You had 8 spell levels left.
You knew the following spells:

 Your Spells              Type           Power      Damage    Failure   Level
a - Blink                 Tloc           90%        N/A       1%          2
b - Lesser Beckoning      Tloc           90%        N/A       1%          2
c - Manifold Assault      Tloc           45%        N/A       3%          4

Your spell library contained the following spells:

 Spells                   Type           Power      Damage    Failure   Level
 Teleport Other           Tloc           45%        N/A       1%          3
 Magic Dart               Conj           12%        1d3       11%         1
 Scorch                   Fire           6%         2d5       16%         2
 Searing Ray              Conj           6%         2d4       16%         2
 Vhi's Electric Charge    Tloc/Air       48%        N/A       19%         4
 Flame Wave               Conj/Fire      3%         2d5       71%         4
 Fulminant Prism          Conj/Alch      1%         3d5       71%         4
 Summon Small Mammal      Summ           Unusable   N/A       N/A         1
 Call Canine Familiar     Summ           Unusable   N/A       N/A         3
 Summon Guardian Golem    Hex/Summ       Unusable   N/A       N/A         3
 Summon Cactus Giant      Summ           Unusable   N/A       N/A         6

Dungeon Overview and Level Annotations

Branches:
Dungeon (9/15)             Temple (1/1) D:7             Orc (0/2) D:9
   Lair: D:8-11

Altars:
Ashenzari
Cheibriados
Dithmenos
Elyvilon
Fedhas
Gozag
Hepliaklqana
Kikubaaqudgha
Makhleb
Nemelex Xobeh
Okawaru
Qazlal
Ru
Sif Muna
Trog
Uskayaw
Vehumet
Wu Jian
Xom
Yredelemnul
Zin
The Shining One

Shops:
D:1 *   D:4 *


Innate Abilities, Weirdness & Mutations

Whenever you drink a potion that restores your health or magic, you attack all enemies around you.
You are too large for most types of armour.
You have a pair of small horns on your head.
You have tough skin. (AC +1)
Whenever you drink a potion that restores your health or magic, it restores twice as much.


Message History

You take a swig of the potion and twirl your +4 flail.
You hit the hornet.
The hornet is severely wounded.
You savour every drop.
You feel better. The hornet stings you!
* * * LOW HITPOINT WARNING * * *
You are poisoned.
You feel as though you will be slow longer.
The hornet stings you!
* * * LOW HITPOINT WARNING * * *
You are lethally poisoned!
You feel as though you will be slow longer.
Unknown command.
Unknown command.
Casting: Blink (safe; 1% risk of failure)
Confirm with . or Enter, or press ? or * to list all spells.
You blink.
* * * LOW HITPOINT WARNING * * *
You feel extremely sick. The hornet stings you.
* * * LOW HITPOINT WARNING * * *
You are more poisoned.
You feel as though you will be slow longer.
You take a swig of the potion and twirl your +4 flail.
You barely miss the hornet. Your headbutt misses the hornet.
The hornet is severely wounded.
You savour every drop.
You feel much better.
You feel extremely sick.
The hornet stings you but does no damage.
The hornet closely misses you.
Unknown command.
You hit the hornet.
The hornet is almost dead.
You feel ready to blink again.
You feel very sick. The hornet stings you!
* * * LOW HITPOINT WARNING * * *
You are lethally poisoned!
You feel as though you will be slow longer.
The hornet stings you!
You die...

####.............##)#####
#.#.........)...<..>..
#.#...........##.#####
...........#####......
#..##.#####.#.....#####
#.. #..## #......###...
... .... ....###.....#.
.. ##.# ########.#....
#@#####...........
...##.y(....####.....#
.......(#...#...)#####
####.#.#.....[).).#
#...##########.. #####
###


You could see a hornet (poisoned).

Vanquished Creatures
  Harold (D:9)
  A two-headed ogre (D:9)
  Joseph (D:7)
  A kobold demonologist (D:9)
  A hornet (D:8)
  Grinder (D:5)
  A flying skull (D:7)
  A shadow (D:9)
  A wyvern (D:9)
  A steam dragon (D:8)
  2 water moccasins
  4 orc warriors
  A black bear (D:6)
  An elephant zombie (D:7)
  4 ogres
  An ice beast (D:8)
  A kobold brigand (D:8)
  A phantom (D:5)
  3 bullfrogs
  3 scorpions
  A gnoll sergeant (D:7)
  2 jellies
  11 killer bees (D:8)
  4 howler monkeys
  A centaur zombie (D:7)
  3 hounds (D:5)
  13 orc priests
  A human zombie (D:7)
  Ijyb (D:4)
  4 iguanas
  24 orc wizards
  2 scorpion zombies (D:7)
  A killer bee zombie (D:7)
  2 hound zombies (D:7)
  2 howler monkey zombies (D:7)
  7 gnolls
  6 adders
  2 white imps
  2 bombardier beetles
  6 ufetubi
  3 adder zombies (D:7)
  A worm (D:5)
  4 dart slugs
  47 orcs
  6 ball pythons
  7 endoplasms
  2 giant cockroaches
  5 hobgoblins
  4 jackals (D:1)
  3 quokkas
  7 bats
  2 frilled lizards
  5 goblins
  10 kobolds
  A rat (D:2)
233 creatures vanquished.

Vanquished Creatures (others)
  A killer bee zombie (D:7)
1 creature vanquished.

Grand Total: 234 creatures vanquished

Notes
Turn   | Place    | Note
-------+----------+-------------------------------------------
     0 | D:1      | grandjackal the Oni Warper began the quest for the Orb.
     0 | D:1      | Reached XP level 1. HP: 22/22 MP: 3/3
   188 | D:1      | Reached skill level 3 in Fighting
   188 | D:1      | Reached XP level 2. HP: 27/31 MP: 5/5
   648 | D:1      | Found Tititid's Assorted Antiques.
   656 | D:1      | Bought a scroll labelled HAQ QEIKUNUROJ for 24 gold pieces
   656 | D:1      | Bought a scroll labelled JYODWA ZIDWOT for 24 gold pieces
   656 | D:1      | Bought a sedimented brown potion for 21 gold pieces
   726 | D:1      | Reached XP level 3. HP: 35/37 MP: 7/7
   766 | D:1      | Learned a level 2 spell: Blink
   769 | D:1      | Learned a level 2 spell: Lesser Beckoning
   969 | D:2      | Reached XP level 4. HP: 14/45 MP: 8/8
  1309 | D:2      | Learned a level 4 spell: Manifold Assault
  1359 | D:2      | Found a faded altar of an unknown god.
  1645 | D:3      | Found a glowing golden altar of the Shining One.
  1877 | D:3      | Reached skill level 4 in Fighting
  1877 | D:3      | Reached XP level 5. HP: 42/54 MP: 9/9
  2831 | D:4      | Noticed a yak
  2831 | D:4      | Noticed a yak
  2831 | D:4      | Noticed a yak
  2970 | D:4      | Noticed an ogre
  2990 | D:4      | Killed an ogre
  2991 | D:4      | Reached skill level 5 in Fighting
  2991 | D:4      | Reached XP level 6. HP: 63/66 MP: 8/10
  3115 | D:4      | Noticed Ijyb
  3132 | D:4      | Killed Ijyb
  3395 | D:5      | Entered Level 5 of the Dungeon
  3922 | D:4      | Reached XP level 7. HP: 69/74 MP: 11/11
  4089 | D:4      | Found Kuocsomo's Assorted Antiques.
  4114 | D:4      | Reached skill level 6 in Fighting
  4246 | D:4      | Bought a scroll labelled JYODWA ZIDWOT for 19 gold pieces
  4246 | D:4      | Bought a scroll labelled SAWAK RITIGI for 19 gold pieces
  4246 | D:4      | Bought a scroll labelled KECHIT FAYNOFY for 19 gold pieces
  4246 | D:4      | Bought a sedimented brown potion for 17 gold pieces
  4246 | D:4      | Bought a scroll labelled SAWAK RITIGI for 19 gold pieces
  5032 | D:5      | Reached skill level 5 in Maces & Flails
  5032 | D:5      | Reached skill level 5 in Translocations
  5159 | D:5      | Reached skill level 7 in Fighting
  5159 | D:5      | Reached XP level 8. HP: 68/87 MP: 12/12
  5349 | D:5      | Found a hazy altar of Hepliaklqana.
  5350 | D:5      | Found a shimmering altar of Xom.
  5350 | D:5      | Noticed a spectral ugly thing
  5351 | D:5      | Noticed a spectral ugly thing
  5351 | D:5      | Noticed a spectral ugly thing
  5587 | D:5      | Found an ancient bone altar of Kikubaaqudgha.
  5677 | D:5      | Noticed Grinder
  5681 | D:5      | Killed Grinder
  6339 | D:6      | Reached skill level 8 in Fighting
  6896 | D:6      | Reached XP level 9. HP: 46/97 MP: 6/13
  7478 | D:6      | Reached skill level 9 in Fighting
  8063 | D:7      | Found a staircase to the Ecumenical Temple.
  8083 | Temple   | Entered the Ecumenical Temple
  8153 | Temple   | Became a worshipper of Warmaster Okawaru
  8195 | D:7      | Found a basalt altar of Yredelemnul.
  8244 | D:7      | Noticed Joseph
  8360 | D:7      | HP: 3/100 [Joseph/+0 quarterstaff (4)]
  8374 | D:7      | Killed Joseph
  8623 | D:7      | Reached * piety under Okawaru
  8935 | D:7      | Reached skill level 10 in Fighting
  9906 | D:8      | Found an opulent altar of Gozag.
  9941 | D:8      | Reached XP level 10. HP: 111/111 MP: 14/14
 10054 | D:8      | Paralysed by a hornet for 2 turns
 10064 | D:8      | Reached ** piety under Okawaru
 11002 | D:8      | HP: 5/111 [killer bee (5)]
 11002 | D:8      | HP: 2/111 [killer bee (3)]
 11417 | D:8      | Reached skill level 5 in Invocations
 11671 | D:9      | Reached skill level 11 in Fighting
 11676 | D:9      | Noticed Harold
 11696 | D:9      | Killed Harold
 11700 | D:9      | HP: 5/114 [bullfrog (2)]
 11923 | D:9      | Reached *** piety under Okawaru
 12066 | D:9      | Noticed a two-headed ogre
 12070 | D:9      | Killed a two-headed ogre
 12466 | D:9      | Noticed a kobold demonologist
 12482 | D:9      | Killed a kobold demonologist
 12483 | D:9      | Reached XP level 11. HP: 120/123 MP: 12/15
 12599 | D:9      | Reached **** piety under Okawaru
 12677 | D:9      | Found a staircase to the Orcish Mines.
 12971 | D:9      | Paralysed by a hornet for 3 turns
 12975 | D:9      | HP: 5/123 [poisoned by a hornet]
 12977 | D:9      | Slain by a hornet

Illustrated notes

Levels and vault maps discovered:
D:1:      mainiacjoe_arrival_oval_in_oval, layout_basic, serial_shops,
          shop_statue, nrook_mini_backslash, minmay_strange_pillars
D:2:      layout_basic, shapermc_ecumenical_altar_mp_highgroup
D:3:      layout_loops_ring, lemuel_crystal_altar, serial_forest,
          infiniplex_forest_end_2, infiniplex_forest_clump_cross,
          infiniplex_forest_side_room, infiniplex_forest_clump_large,
          infiniplex_forest_split, infiniplex_forest_straight_2
D:4:      layout_basic, serial_shops, shop, kennysheep_generic_room_13,
          uniq_ijyb
D:5:      layout_basic, nicolae_overflow_hidden_temple,
          regret_index_temple_of_mockery, uniq_grinder
D:6:      layout_loops_ring
D:7:      layout_gridville, minmay_temple_entry_proselytizer,
          roadster_capsule_ark_zombie, uniq_joseph
D:8:      layout_rooms, mainiacjoe_overflow_paths
D:9:      minmay_flawed_box, layout_rooms, david_orc_3, uniq_harold
Temple:   regret_index_temple_sphere_string

Skill      XL: |  1  2  3  4  5  6  7  8  9 10 |
---------------+-------------------------------+-----
Fighting       | 3 4 5 7 8 10 11 | 11.9
Translocations | 3 4 5 6 7 8 |  8.6
Spellcasting   | 3 |  3.2
Maces & Flails | 3 4 5 6 7 9 |  9.2
Invocations    | 3 6 |  6.7
Throwing       | |  1.0
Dodging        | |  2.1

Action                     |  1- 3 |  4- 6 |  7- 9 | 10-12 || total
---------------------------+-------+-------+-------+-------++-------
  Melee: Mace              |    75 |    38 |       |       ||   113
         Headbutt          |    10 |    13 |    75 |    32 ||   130
         Flail             |       |   108 |   397 |   231 ||   736
         Punch             |       |       |     5 |     1 ||     6
  Throw: Dart              |       |    10 |    13 |    14 ||    37
   Cast: Blink             |       |     5 |     3 |     2 ||    10
 Invoke: Heroism           |       |       |       |     1 ||     1
  Evoke: Wand              |       |       |     8 |    20 ||    28
    Use: Scroll            |       |       |     9 |     4 ||    13
         Potion            |       |       |     3 |     9 ||    12
 Armour: Robe              |    74 |   113 |   372 |   234 ||   793
         Skin              |       |       |       |    21 ||    21
  Dodge: Dodged            |    42 |    62 |   159 |   110 ||   373

Table legend: (Time is in decaauts)
 A = Elapsed time spent in this place.
 B = Non-inter-level travel time spent in this place.
 C = Inter-level travel time spent in this place.
 D = Time resting spent in this place.
 E = Time spent auto-exploring this place.
 F = Levels seen in this place.
 G = Mean time per level.
                   A        B        C        D        E       F      G
               +--------+--------+--------+--------+--------+-----+--------+
         Total |  13079 |  12793 |    286 |   5038 |   5294 |  10 | 1307.9 |
       Dungeon |  12697 |  12433 |    264 |   4715 |   5294 |   9 | 1410.8 |
        Temple |    381 |    359 |     22 |    323 |      0 |   1 |  381.0 |
               +--------+--------+--------+--------+--------+-----+--------+

Top non-repeatable levels by time:
     D:7: 1913 daAuts
     D:5: 1834 daAuts
     D:6: 1755 daAuts
     D:8: 1724 daAuts
     D:4: 1573 daAuts
     D:9: 1136 daAuts
     D:2: 964 daAuts
     D:3: 913 daAuts
     D:1: 879 daAuts
  Temple: 381 daAuts
